 Dungeon Crawl Stone Soup version 0.30.1-3-gfc49f6343a (webtiles) character file.

Game seed: 3696763206521950299

1530 soggyman666 the Magician (level 9, -17/55 HPs)
             Began as a Djinni Fire Elementalist on July 31, 2023.
             Demolished by an ogre
             ... wielding a +0 giant club
              (19 damage)
             ... on level 6 of the Dungeon.
             The game lasted 00:15:35 (5223 turns).

soggyman666 the Magician (Djinni Fire Elementalist) Turns: 5223, Time: 00:15:35

Health: -17/55     AC:  9    Str:  7    XL:     9   Next: 10%
Gold:   145        EV: 14    Int: 21    God:
                   SH:  0    Dex: 14

rFire   + + .        (no weapon)
rCold   x . .        (no shield)
rNeg    . . .        q - +2 robe {Will+}
rPois   ∞            e - +0 helmet
rElec   .            (no cloak)
rCorr   .            (no gloves)
SInv    .            (boots unavailable)
Will    +....        (no amulet)
Stlth   ++           n - +4 ring of protection
HPRegen 0.29/turn    (no ring)
MPRegen 0.00/turn

%: infuse magic (-18 HP)
@: flying
A: sickness immunity, fire resistance 2, cold vulnerability 1, float, innate
caster, HP casting, extra vitality 1
a: no special abilities


You were on level 6 of the Dungeon.
You visited 1 branch of the dungeon, and saw 6 of its levels.

You collected 230 gold pieces.
You spent 85 gold pieces at shops.

Inventory:

Armour
 e - a +0 helmet (worn)
 q - a +2 robe of willpower (worn)
Jewellery
 n - a +4 ring of protection (left hand)
Wands
 t - a wand of polymorph (14)
 A - a wand of flame (6)
Scrolls
 a - 5 scrolls of vulnerability
 f - 2 scrolls of silence
 l - a scroll of fog
 s - 2 scrolls of enchant weapon
 u - a scroll of brand weapon {unknown}
 v - 2 scrolls of teleportation {unknown}
 w - a scroll of magic mapping {unknown}
 y - a scroll of immolation {unknown}
 z - 2 scrolls of identify
Potions
 b - 3 potions of curing {unknown}
 c - a potion of might {unknown}
 d - 2 potions of haste
 g - a potion of ambrosia {unknown}
 h - a potion of mutation {unknown}
 j - 3 potions of lignification {unknown}
 k - a potion of heal wounds {unknown}
 m - a potion of magic {unknown}
 o - a potion of resistance {unknown}
 p - a potion of brilliance {unknown}
 x - a potion of degeneration {unknown}
 B - a potion of berserk rage {unknown}


   Skills:
 * Level 5.4 Dodging
 - Level 1.9 Stealth
 + Level 7.3 Spellcasting
 * Level 3.2 Evocations


You knew the following spells:

 Your Spells              Type           Power      Damage    Failure   Level
a - Foxfire               Conj/Fire      100%       2x1d9     1%          1
b - Scorch                Fire           76%        2d8       1%          2
c - Volatile Blastmotes   Fire/Tloc      76%        2d16      1%          3
d - Inner Flame           Hex/Fire       38%        N/A       1%          3
e - Flame Wave            Conj/Fire      38%        2d10      4%          4
f - Shock                 Conj/Air       100%       1d9       1%          1
g - Call Imp              Summ           76%        N/A       1%          2
h - Ignite Poison         Fire/Tmut/Pois 38%        N/A       1%          3
i - Summon Guardian Gole  Hex/Summ       38%        N/A       1%          3
Your spell library was empty.

Dungeon Overview and Level Annotations

Branches:
Dungeon (6/15)
 Temple: D:4-7

Altars:
Fedhas
Uskayaw

Shops:
D:2 [   D:3 :=


Innate Abilities, Weirdness & Mutations

You are immune to sickness and miasma.
You are immune to poison.
Your flesh is very heat resistant. (rF++)
You are vulnerable to cold. (rC-)
You float through the air rather than walking.
You learn spells naturally, not from books.
Your magical power is your life essence.
You have superior vitality. (+4 MHP)


Message History

Confirm with . or Enter, or press ? or * to list all spells.
A cloud of volatile blastmotes flares up around you!
The gnoll sergeant hits you but does no damage.
The gnoll sergeant completely misses you.
The cloud of blastmotes explodes!
The concussive blast engulfs the gnoll sergeant.
The gnoll sergeant resists.
The gnoll sergeant is almost dead.
You hear a shout!
The gnoll sergeant closely misses you.
The gnoll sergeant hits you but does no damage.
Casting: Volatile Blastmotes (safe; 1% risk of failure)
Confirm with . or Enter, or press ? or * to list all spells.
A cloud of volatile blastmotes flares up around you!
The gnoll sergeant closely misses you. The ogre misses you.
Casting: Volatile Blastmotes (safe; 1% risk of failure)
Confirm with . or Enter, or press ? or * to list all spells.
Flames lash the ogre.
The ogre is heavily wounded.
The ogre's fire resistance burns away.
You hear a shout!
The gnoll sergeant is no longer moving quickly.
The gnoll sergeant hits you from afar with a +0 spear.
* * * LOW HITPOINT WARNING * * *
The ogre closely misses you.
Casting: Scorch (safe; 1% risk of failure)
Confirm with . or Enter, or press ? or * to list all spells.
Flames lash the gnoll sergeant.
The gnoll sergeant resists.
The gnoll sergeant is almost dead.
The gnoll sergeant's fire resistance burns away.
* * * LOW HITPOINT WARNING * * *
You hear a shout!
The gnoll sergeant hits you from afar with a +0 spear!
* * * LOW HITPOINT WARNING * * *
Okay, then.
As you read the scroll of fog, it crumbles to dust.
The scroll dissolves into smoke.
The ogre hits you with a +0 giant club!!
You die...

#. #.###########
###...gg.gg...#
#....g#######g#
#####.# #.# #.# #g#
).# #.#
#.#######g#####
#####..§O@§ggg....#
#.....#############
#.....#
########g....#
..##.........#
.g.g..........#
#...$.g.......#
#.............#
####.##########


You could see an ogre (combustible), a gnoll sergeant (combustible), a gnoll
bouda and 2 gnolls.

Vanquished Creatures
  Pikel (D:6)
  Eustachio (D:4)
  A water moccasin (D:6)
  An ice beast (D:6)
  A black bear (D:5)
  Blork the orc (D:5)
  A scorpion (D:5)
  A howler monkey (D:5)
  A jelly (D:4)
  A hound (D:6)
  An orc priest (D:5)
  A sleepcap (D:5)
  4 orc wizards
  2 iguanas
  Robin (D:4)
  4 gnolls
  An adder (D:5)
  A worm (D:2)
  6 dart slugs
  19 orcs
  7 ball pythons
  4 endoplasms
  6 giant cockroaches
  13 goblins
  11 hobgoblins
  A jackal (D:3)
  7 quokkas
  6 bats
  8 frilled lizards
  6 kobolds
  5 rats (D:1)
124 creatures vanquished.

Vanquished Creatures (collateral kills)
  An adder (D:3)
  A ball python (D:3)
2 creatures vanquished.

Vanquished Creatures (others)
  537 foxfires
537 creatures vanquished.

Grand Total: 663 creatures vanquished

Notes
Turn   | Place    | Note
-------+----------+-------------------------------------------
     0 | D:1      | soggyman666 the Djinni Fire Elementalist began the quest
                  | for the Orb.
     0 | D:1      | soggyman666 set off with the following spells memorised:
                  | Foxfire, Scorch, Volatile Blastmotes, Inner Flame, Flame
                  | Wave.
     0 | D:1      | Reached XP level 1. HP: 15/15 MP: 0/0
     1 | D:1      | Noticed an electric eel
   174 | D:1      | Reached XP level 2. HP: 1/21 MP: 0/0
   760 | D:1      | Reached skill level 3 in Spellcasting
   760 | D:1      | Reached XP level 3. HP: 22/25 MP: 0/0
   760 | D:1      | Learned a level 1 spell: Shock
  1405 | D:2      | Reached XP level 4. HP: 23/31 MP: 0/0
  1622 | D:2      | You are sucked into a shaft and drop 1 floor!
  1630 | D:3      | Noticed a walking divine tome
  1631 | D:3      | Found Ubufonia's Book Shoppe.
  1632 | D:3      | Noticed a walking frostbound tome
  1870 | D:2      | Found Leastaigu's Antique Armour Shop.
  1878 | D:2      | Bought an embroidered robe for 85 gold pieces
  1917 | D:3      | Found Iwnasuim's Jewellery Shoppe.
  2216 | D:3      | Reached XP level 5. HP: 33/35 MP: 0/0
  2216 | D:3      | Learned a level 2 spell: Call Imp
  2296 | D:3      | Found a blossoming altar of Fedhas.
  2737 | D:3      | Found a hide-covered altar of Uskayaw.
  2856 | D:4      | Reached skill level 4 in Spellcasting
  2941 | D:4      | Identified the +0 dagger of Impatience {freeze, Str+4
                  | Stlth-}
  3028 | D:4      | Noticed Eustachio
  3041 | D:4      | Killed Eustachio
  3042 | D:4      | Reached XP level 6. HP: 21/40 MP: 0/0
  3334 | D:4      | Reached skill level 5 in Spellcasting
  3334 | D:4      | Reached XP level 7. HP: 39/45 MP: 0/0
  3334 | D:4      | Learned a level 3 spell: Ignite Poison
  3408 | D:4      | Noticed Robin
  3416 | D:4      | Killed Robin
  3768 | D:5      | Entered Level 5 of the Dungeon
  3784 | D:5      | Noticed Blork the orc
  3789 | D:5      | Killed Blork the orc
  3790 | D:5      | Reached skill level 1 in Evocations
  4153 | D:5      | Reached XP level 8. HP: 32/50 MP: 0/0
  4168 | D:5      | Reached skill level 6 in Spellcasting
  5041 | D:6      | Noticed Pikel
  5056 | D:6      | Killed Pikel
  5057 | D:6      | Reached skill level 5 in Dodging
  5057 | D:6      | Reached skill level 7 in Spellcasting
  5057 | D:6      | Reached XP level 9. HP: 2/55 MP: 0/0
  5057 | D:6      | Learned a level 3 spell: Summon Guardian Golem
  5151 | D:6      | Noticed a two-headed ogre
  5222 | D:6      | HP: 1/55 [gnoll sergeant/+0 spear (10)]
  5223 | D:6      | Demolished by an ogre

Illustrated notes

Levels and vault maps discovered:
D:1:      arrival_aquarium_a, layout_basic, st_stairs_8
D:2:      layout_loops_ring, serial_shops, nicolae_shop_pleasant_corner_grove
D:3:      layout_loops_ring, marbit_many_paths, mainiacjoe_overflow_brackets,
          serial_shops, nicolae_shop_mannequins,
          nicolae_shop_tiny_statue_garden, ebering_dispersal_statue_hall
D:4:      layout_rooms, lemuel_doored_altar, uniq_eustachio, uniq_robin
D:5:      layout_layer_cave, uniq_blork_the_orc
D:6:      layout_basic, doesnt_xom_only_xom, gup_sewer_entry_spiral, uniq_pikel,
          uniq_maggie

Skill      XL: |  1  2  3  4  5  6  7  8 |
---------------+-------------------------+-----
Spellcasting   | 3 4 5 7 |  7.3
Dodging        | 3 4 5 |  5.4
Evocations     | 1 3 |  3.2
Stealth        | |  1.9

Action                     |  1- 3 |  4- 6 |  7- 9 || total
---------------------------+-------+-------+-------++-------
   Cast: Foxfire           |   121 |    99 |   107 ||   327
         Scorch            |     2 |    22 |    32 ||    56
         Volatile Blastmot |     2 |     1 |     5 ||     8
         Call Imp          |       |     4 |     1 ||     5
         Shock             |       |     4 |       ||     4
    Use: Potion            |     1 |       |       ||     1
         Scroll            |       |     7 |     4 ||    11
 Armour: Robe              |     8 |     1 |     7 ||    16
  Dodge: Dodged            |    23 |     8 |    18 ||    49
